 Dungeon Crawl Stone Soup version 0.19-a0-160-gd53b84c (webtiles) character file.

105 Kidiri the Magician (level 4, -4/27 HPs)
             Began as a High Elf Fire Elementalist on May 21, 2016.
             Slain by an iguana (6 damage)
             ... on level 4 of the Dungeon.
             The game lasted 00:09:18 (2995 turns).

Kidiri the Magician (High Elf Fire Elementalist)    Turns: 2995, Time: 00:09:19

Health: -4/27      AC:  4    Str:  7    XL:     4   Next: 54%
Magic:  3/10       EV: 13    Int: 19    God:
Gold:   155        SH:  0    Dex: 16    Spells: 4 memorised, 1 level left

rFire  + . .     SeeInvis .     k - +0 whip
rCold  x . .     Gourm    .     a - +0 robe
rNeg   . . .     Faith    .     (no shield)
rPois  .         Spirit   .     e - +0 helmet
rElec  .         Dismiss  .     (no cloak)
rCorr  .         Reflect  .     i - +0 pair of gloves
SustAt .         Harm     .     (no boots)
MR     .....                    (no amulet)
Stlth  ++........               (no ring)
                                s - ring of fire

@: very slightly contaminated, not resistant to hostile enchantments, unstealthy
A: no striking features
a: no special abilities


You were on level 4 of the Dungeon.
You were not hungry.

You visited 1 branch of the dungeon, and saw 4 of its levels.

You collected 155 gold pieces.

Inventory:

Hand Weapons
 k - a +0 whip (weapon)
Armour
 a - a +0 robe (worn)
 e - a +0 helmet (worn)
 i - a +0 pair of gloves (worn)
 m - a +0 leather armour
Jewellery
 s - a ring of fire (left hand)
Scrolls
 d - a scroll of teleportation
 g - a scroll of recharging
 h - a scroll of amnesia {unknown}
 p - 2 scrolls of fear {unknown}
 u - a scroll of noise {unknown}
Potions
 f - 2 potions of ambrosia
 l - 2 potions of flight
 n - a potion of beneficial mutation {unknown}
 o - a potion of resistance
 q - 3 potions of curing {unknown}
 r - a potion of lignification
 t - a potion of invisibility {unknown}
 v - a potion of berserk rage {unknown}
Books
 b - a book of Flames

   Spells                             Type                      Level
   a - Flame Tongue                   Conjuration/Fire             1
   b - Throw Flame                    Conjuration/Fire             2
   c - Conjure Flame                  Conjuration/Fire             3
   d - Inner Flame                    Hexes/Fire                   3
   e - Sticky Flame                   Conjuration/Fire             4
   f - Fireball                       Conjuration/Fire             5
Comestibles
 c - 5 bread rations
 j - 2 meat rations


   Skills:
 + Level 0.8 Fighting
 + Level 1.0 Armour
 * Level 3.2 Dodging
 - Level 2.1 Stealth
 * Level 3.6 Spellcasting
 + Level 1.9 Conjurations
 + Level 0.6 Hexes
 + Level 3.2 Fire Magic


You had one spell level left.
You knew the following spells:

 Your Spells              Type           Power        Failure   Level  Hunger
a - Flame Tongue          Conj/Fire      ###..        6%          1    None
b - Throw Flame           Conj/Fire      ###...       10%         2    ##.....
c - Conjure Flame         Conj/Fire      ###.....     14%         3    ###....
d - Inner Flame           Hex/Fire       ###.....     21%         3    ###....


Dungeon Overview and Level Annotations

Branches:
Dungeon (4/15)
 Temple: D:4-7

Altars:
Gozag
Kikubaaqudgha
Makhleb
Nemelex Xobeh
Ru
Trog
The Shining One


Message History

* * * LOW HITPOINT WARNING * * *
Casting: Flame Tongue
Confirm with . or Enter, or press ? or * to list all spells.
Aiming: Flame Tongue
Press: ? - help, Shift-Dir - straight line, f/p - iguana
Aim: an iguana (severely wounded)
Okay, then.
Casting: Flame Tongue
Confirm with . or Enter, or press ? or * to list all spells.
You don't know that spell.
Unknown command.
Unknown command.
Casting: Flame Tongue
Confirm with . or Enter, or press ? or * to list all spells.
Aiming: Flame Tongue
Press: ? - help, Shift-Dir - straight line, f/p - iguana
Aim: an iguana (severely wounded)
You feel a surge of power!
You miscast Flame Tongue.
Heat runs through your body. The iguana bites you.
You die...

##### ###
###...##########
..####...#..#........
#..#...####.#........
#♣..(♣## ♣..........
♣♣♣♣♣♣ ♣♣♣..##### ♣
♣♣..# . ♣♣.## .. ♣.@#
.... ♣♣l.# ♣..♣ ♣♣.#
P♣P. .# P♣ .. ♣.# .#
..


You could see an iguana.

Vanquished Creatures
  4 adders
  A worm (D:2)
  2 dart slugs
  A giant gecko (D:2)
  2 orcs (D:3)
  3 giant cockroaches
  7 goblins
  9 hobgoblins
  4 jackals
  2 quokkas (D:3)
  2 ball pythons
  5 bats
  2 giant newts
  6 kobolds
  6 rats
56 creatures vanquished.

Notes
Turn   | Place    | Note
--------------------------------------------------------------
     0 | D:1      | Kidiri the High Elf Fire Elementalist began the quest for the Orb.
     0 | D:1      | Reached XP level 1. HP: 11/11 MP: 4/4
   351 | D:1      | Reached XP level 2. HP: 17/17 MP: 3/6
   394 | D:1      | Learned a level 2 spell: Throw Flame
  1285 | D:2      | Reached XP level 3. HP: 21/21 MP: 6/8
  1370 | D:2      | Learned a level 3 spell: Inner Flame
  1415 | D:2      | Found an opulent altar of Gozag.
  1442 | D:2      | Reached skill level 1 in Armour
  1610 | D:2      | Found a sacrificial altar of Ru.
  1841 | D:2      | Found a bloodstained altar of Trog.
  1864 | D:2      | Reached XP level 4. HP: 27/27 MP: 4/9
  1924 | D:2      | Learned a level 3 spell: Conjure Flame
  2327 | D:3      | Found a faded altar to an unknown god.
  2402 | D:3      | Found a burning altar of Makhleb.
  2402 | D:3      | Found a glowing golden altar of the Shining One.
  2580 | D:3      | Found a sparkling altar of Nemelex Xobeh.
  2763 | D:3      | Found an ancient bone altar of Kikubaaqudgha.
  2995 | D:4      | Slain by an iguana

Vault maps used:
D:1:      dpeg_arrival_simpleton_a, moated_statue, minmay_bisected
D:2:      old_standard_altar, old_standard_altar, bloody_trog
D:3:      nicolae_overflow_quartered_altars, first_bread, ecumenical_altar_2
D:4:      wad_woods_pond

Skill      XL: |  1  2  3  4 |
---------------+-------------+-----
Spellcasting   | 3 |  3.6
Armour         | 1 |  1.0
Dodging        | 3 |  3.2
Fighting       | |  0.8
Stealth        | |  2.1
Conjurations   | |  1.9
Hexes          | |  0.6
Fire Magic     | |  3.2

Action                   |  1- 3 |  4- 6 || total
-------------------------+-------+-------++-------
Melee: Unarmed           |     5 |       ||     5
       Whip              |    13 |     4 ||    17
       Club              |     3 |       ||     3
 Cast: Flame Tongue      |    50 |    24 ||    74
       Throw Flame       |    12 |     7 ||    19
  Use: Scroll            |     7 |     3 ||    10
 Stab: Sleeping          |     1 |       ||     1
  Eat: Chunk             |     3 |     4 ||     7
Armor: Robe              |     7 |     1 ||     8
       Leather armour    |     3 |     2 ||     5
Dodge: Dodged            |    26 |     9 ||    35
